 Dungeon Crawl Stone Soup version 0.29-a0-819-g94b489e0ae (webtiles) character file.

Game seed: 18053737257555441449

188 xian the Conjurer (level 5, -6/31 HPs)
             Began as an Octopode Conjurer on July 7, 2022.
             Mangled by Duvessa
             ... wielding a +0 short sword
              (18 damage)
             ... on level 4 of the Dungeon.
             The game lasted 00:05:52 (3611 turns).

xian the Conjurer (Octopode Conjurer)               Turns: 3611, Time: 00:05:52

Health: -6/31      AC:  1    Str:  6    XL:     5   Next: 67%
Magic:  1/9        EV: 13    Int: 23    God:
Gold:   154        SH:  0    Dex: 10    Spells: 7/10 levels left

rFire   . . .      SeeInvis .   f - +2 dagger (protect)
rCold   . . .      Faith    .   (no shield)
rNeg    . . .      Spirit   .   (helmet restricted)
rPois   .          Reflect  .   (no amulet)
rElec   .          Harm     .   (no ring)
rCorr   .          Rampage  .   (no ring)
Will    .....                   (no ring)
Stlth   +++.......              (no ring)
HPRegen 0.10/turn               (no ring)
MPRegen 0.11/turn               (no ring)
                                (no ring)
                                (no ring)

@: no status effects
A: almost no armour, amphibious, 8 rings, camouflage 1, gelatinous body 1,
(nimble swimmer 1), tentacles
a: no special abilities


You were on level 4 of the Dungeon.
You visited 1 branch of the dungeon, and saw 4 of its levels.

You collected 154 gold pieces.

Inventory:

Hand Weapons
 f - a +2 dagger of protection (weapon)
Potions
 a - 2 potions of magic
 b - 3 potions of lignification
 c - a potion of berserk rage {unknown}
 e - a potion of brilliance
 g - a potion of flight
 h - a potion of mutation {unknown}
 i - a potion of heal wounds {unknown}


   Skills:
 + Level 2.3 Dodging
 + Level 4.1 Stealth
 + Level 3.0 Spellcasting
 + Level 5.6 Conjurations


You had 7 spell levels left.
You knew the following spells:

 Your Spells              Type           Power      Damage    Failure   Level
a - Magic Dart            Conj           100%       1d8       1%          1
b - Searing Ray           Conj           58%        2d6       1%          2

Your spell library contained the following spells:

 Spells                   Type           Power      Damage    Failure   Level
 Dazzling Flash           Conj/Hex       32%        N/A       11%         3
 Ensorcelled Hibernation  Hex/Ice        6%         N/A       17%         2
 Gell's Gravitas          Tloc           3%         N/A       34%         3
 Lesser Beckoning         Tloc           3%         N/A       34%         3
 Spider Form              Tmut/Pois      3%         N/A       34%         3
 Teleport Other           Tloc           3%         N/A       34%         3
 Fulminant Prism          Conj/Hex       8%         3d7       36%         4
 Iskenderun's Mystic Bla  Conj/Tloc      16%        2d5       36%         4
 Anguish                  Hex/Necr       1%         N/A       75%         4


Dungeon Overview and Level Annotations

Branches:
Dungeon (4/15)
 Temple: D:4-7

Altars:
Elyvilon
Okawaru
Zin
The Shining One

Annotations:
D:4 Duvessa


Innate Abilities, Weirdness & Mutations

You cannot wear most types of armour.
You are amphibious.
You can wear up to eight rings at the same time.
Your skin changes colour to match your surroundings (Stealth+).
Your rubbery body absorbs attacks. (AC +1, EV +1)
((You are camouflaged when in or above water. (Stealth+)))
You have tentacles for arms and can constrict up to eight enemies at once.


Message History

You kill the endoplasm!
Your Stealth skill increases to level 4!
Dowan, Brother of Duvessa comes into view.
He is wielding a +0 dagger.
Duvessa, Sister of Dowan comes into view.
She is wielding a +0 short sword.
Found 14 gold pieces.
Casting: Magic Dart (safe; 1% risk of failure)
Confirm with . or Enter, or press ? or * to list all spells.
Aiming: Searing Ray (safe; 1% risk of failure)
Press: ? - help, Shift-Dir - straight line, f - Dowan
Aim: Dowan, wielding a +0 dagger and wearing a +0 robe (asleep, 100% to hit)
The searing ray hits Dowan.
Dowan is moderately wounded. (Press . to maintain the ray.) Unknown command.
The searing ray hits Dowan!
Dowan is severely wounded.
The searing ray misses Dowan.
Dowan hits you with a +0 dagger.
The searing ray hits Dowan!
You kill Dowan!
Duvessa weeps, and shakes her weapon.
Duvessa goes berserk!
You finish channelling your searing ray.
Your Spellcasting skill increases to level 3!
Casting: Searing Ray (safe; 1% risk of failure)
Confirm with . or Enter, or press ? or * to list all spells.
Aiming: Searing Ray (safe; 1% risk of failure)
Press: ? - help, Shift-Dir - straight line, f - Duvessa
Aim: Duvessa, wielding a +0 short sword and wearing a +0 leather armour (berserk, 82% to hit)
The searing ray hits Duvessa!
Duvessa is lightly wounded. (Press . to maintain the ray.) Duvessa hits you with a +0 short sword!
Duvessa misses you.
The searing ray hits Duvessa.
Duvessa is moderately wounded.
Duvessa hits you with a +0 short sword!
* * * LOW HITPOINT WARNING * * *
You feel better.
Duvessa hits you with a +0 short sword!!
Ouch! That really hurt!
You die...

8.8.....###....#
....#.#..#..#..#
### .#
####...##..# ....
#...#.#.# ##....
#.#.#.#.# ......
#.#.#.#.###......
..#...#..........
#..#..##..........
#....###..@e......
.##..# #..........
#..........
#....##.... #..$.#
.... #....# ..
#....# # #....#


You could see Duvessa (berserk).

Vanquished Creatures
  Dowan (D:4)
  A hound (D:4)
  6 adders
  2 worms (D:2)
  4 endoplasms
  3 giant cockroaches
  4 goblins
  4 hobgoblins
  2 jackals (D:2)
  9 ball pythons
  5 bats
  3 frilled lizards
  9 kobolds
  5 rats
58 creatures vanquished.

Notes
Turn   | Place    | Note
-------+----------+-------------------------------------------
     0 | D:1      | xian the Octopode Conjurer began the quest for the Orb.
     0 | D:1      | Reached XP level 1. HP: 11/11 MP: 3/3
   303 | D:1      | Reached XP level 2. HP: 17/17 MP: 1/5
   373 | D:1      | Learned a level 2 spell: Searing Ray
   390 | D:1      | Found a faded altar of an unknown god.
  1335 | D:2      | Reached XP level 3. HP: 21/21 MP: 1/6
  1974 | D:2      | Reached XP level 4. HP: 27/27 MP: 4/7
  2193 | D:2      | Reached skill level 5 in Conjurations
  2861 | D:3      | Found an iron altar of Okawaru.
  2953 | D:3      | Found a glowing silver altar of Zin.
  2953 | D:3      | Found a white marble altar of Elyvilon.
  2954 | D:3      | Found a glowing golden altar of the Shining One.
  3312 | D:4      | Reached XP level 5. HP: 19/31 MP: 0/9
  3598 | D:4      | Noticed Dowan
  3599 | D:4      | Noticed Duvessa
  3608 | D:4      | Killed Dowan
  3611 | D:4      | Mangled by Duvessa

Illustrated notes

Levels and vault maps discovered:
D:1:      eino_arrival_cavern_b, layout_loops_corners,
          ebering_ecumenical_altar_webs
D:2:      layout_loops_ring, minmay_crystal_water,
          chequers_serial_rivers_large_a, minmay_misc_feat_more_columns
D:3:      layout_basic, good_gods_temple_1, mainiacjoe_overflow_surrounded_room
D:4:      wad_crossroads, layout_basic, mainiacjoe_overflow_swirl, uniq_duvessa,
          uniq_natasha, uniq_edmund

Skill      XL: |  1  2  3  4  5 |
---------------+----------------+-----
Stealth        | 3 4 |  4.1
Conjurations   | 5 |  5.6
Spellcasting   | 3 |  3.0
Dodging        | |  2.3

Action                   |  1- 3 |  4- 6 || total
-------------------------+-------+-------++-------
Melee: Short sword       |     3 |       ||     3
       Dagger            |     5 |       ||     5
       Constrict         |     2 |       ||     2
       Tentacles         |     2 |       ||     2
 Cast: Magic Dart        |    64 |    32 ||    96
       Searing Ray       |     2 |     6 ||     8
  Use: Scroll            |     2 |     4 ||     6
       Potion            |       |     1 ||     1
Armor: Skin              |     6 |       ||     6
Dodge: Dodged            |    13 |     4 ||    17

Table legend: (Time is in decaauts)
 A = Elapsed time spent in this place.
 B = Non-inter-level travel time spent in this place.
 C = Inter-level travel time spent in this place.
 D = Time resting spent in this place.
 E = Time spent auto-exploring this place.
 F = Levels seen in this place.
 G = Mean time per level.
                   A        B        C        D        E       F      G
               +--------+--------+--------+--------+--------+-----+--------+
         Total |   3609 |   3541 |     68 |      0 |   3272 |   4 |  902.2 |
       Dungeon |   3609 |   3541 |     68 |      0 |   3272 |   4 |  902.2 |
               +--------+--------+--------+--------+--------+-----+--------+

Top non-repeatable levels by time:
     D:1: 1313 daAuts
     D:2: 1101 daAuts
     D:3: 857 daAuts
     D:4: 336 daAuts
